 Dungeon Crawl Stone Soup version 0.25.1-2-g60ff931df9 (webtiles) character file.

Game seed: 17594339238783690646

135 Colgate the Ruffian (level 5, 42/45 HPs)
             Began as a Ghoul Monk on Sept 5, 2020.
             Was a Follower of Uskayaw.
             Quit the game on level 3 of the Dungeon on Sept 6, 2020.
             The game lasted 00:27:55 (2782 turns).

Colgate the Ruffian (Ghoul Monk)                    Turns: 2782, Time: 00:27:56

Health: 42/45      AC:  8    Str: 15    XL:     5   Next: 18%
Magic:  4/4        EV: 11    Int:  5    God:    Uskayaw [*.....]
Gold:   125        SH:  0    Dex: 12    Spells: 4/4 levels left

rFire    . . .     SeeInvis .     - Unarmed
rCold    + + .     Gourm    .   (no shield)
rNeg     + + +     Faith    .   k - +0 ring mail
rPois    ∞         Spirit   .   t - +0 helmet
rElec    .         Reflect  .   m - +0 cloak
rCorr    .         Harm     .   (no gloves)
MR       .....                  i - +0 pair of boots
Stlth    +.........             j - amulet of inaccuracy (curse)
HPRegen  0.15/turn              n - ring of protection from cold
MPRegen  0.09/turn              (no ring)

@: rotting
A: rotting body, claws 1, carnivore, cold resistance 1, negative energy
resistance 3, inhibited regeneration, torment resistance, unbreathing
a: Stomp, Renounce Religion


You were on level 3 of the Dungeon.
You worshipped Uskayaw.
Uskayaw was noncommittal.
You were not hungry.

You visited 1 branch of the dungeon, and saw 3 of its levels.

You collected 125 gold pieces.

Inventory:

Missiles
 d - 22 poisoned darts (quivered)
 g - 4 javelins
 h - 18 arrows
 l - 61 stones
Armour
 a - a +0 robe
 c - a +0 tower shield
 e - a +0 leather armour
 i - a +0 pair of boots (worn)
 k - a +0 ring mail (worn)
 m - a +0 cloak (worn)
 o - a +0 scale mail
 t - a +0 helmet (worn)
Magical Staves
 v - an uncursed staff of energy
Jewellery
 j - a cursed amulet of inaccuracy (around neck)
 n - a ring of protection from cold (left claw)
Scrolls
 p - 2 scrolls of identify {unknown}
 u - 3 scrolls of teleportation {unknown}
 w - a scroll of fog {unknown}
 y - a scroll of random uselessness {unknown}
Potions
 f - a potion of lignification {unknown}
 r - a potion of flight {unknown}
 s - a potion of heal wounds {unknown}
 x - 2 potions of degeneration {unknown}
Comestibles
 b - 4 rations
 q - 10 chunks of flesh


   Skills:
 - Level 3.2 Fighting
 - Level 2.6 Dodging
 - Level 2.1 Stealth
 + Level 6.3 Unarmed Combat


You had 4 spell levels left.
You didn't know any spells.
Your spell library was empty.

Dungeon Overview and Level Annotations

Branches:
Dungeon (3/15)

Altars:
Gozag
Uskayaw
Yredelemnul
Zin

Annotations:
D:2 1 runed translucent door, 1 exclusion, Sigmund
D:3 1 runed translucent door, Curus's ghost, amateur HOFi


Innate Abilities, Weirdness & Mutations

Your body is rotting away.
You thrive on raw meat.
You are immune to poison.
You have sharp fingernails.
You are carnivorous and can eat meat at any time.
Your flesh is cold resistant. (rC+)
You are immune to negative energy. (rN+++)
You do not regenerate when monsters are visible.
You are immune to unholy pain and torment.
You can survive without breathing.


Message History

No target in view!
No target in view!
No target in view!
No target in view!
No target in view!
No target in view!
No target in view!
No target in view!
No target in view!
No target in view!
No target in view!
No target in view!
No target in view!
No target in view!
No target in view!
No target in view!
No target in view!
No target in view!
Search for what [? for help]? d:3 Are you sure you want to abandon this character and quit the game? (Confirm with "yes".)

#..# #################
######..# ......[))[.......
.......÷#
.########################÷#
.......<..# #....#...#
...####.#.# #.##.#.###
...##.....# #.#<.#.#
...##.....########.#^.#.#
...##...........@#.#..#.#
........###≈###....#..#.#
.####...#.#≈#.#....#..#.#
......###.#≈#.###..#..#.#
#####.....#≈#......#..#.#
#.###.#≈#.###..#..#.#
#...#.#≈#.#....# #.#
###.###≈###..#.# #.#
#............# #.#


There were no monsters in sight!

Vanquished Creatures
  An orc wizard (D:3)
  4 adders
  An ooze (D:1)
  2 worms
  A dart slug (D:1)
  A leopard gecko (D:2)
  3 orcs (D:3)
  4 giant cockroaches
  3 goblins (D:1)
  7 hobgoblins
  A ball python (D:2)
  7 bats
  6 frilled lizards
  A jackal zombie (D:2)
  11 kobolds
  4 rats (D:1)
57 creatures vanquished.

Notes
Turn   | Place    | Note
-------+----------+-------------------------------------------
     0 | D:1      | Colgate the Ghoul Monk began the quest for the Orb.
     0 | D:1      | Reached XP level 1. HP: 19/19 MP: 0/0
   275 | D:1      | Reached XP level 2. HP: 21/26 MP: 1/1
   371 | D:1      | Reached skill level 4 in Unarmed Combat
   658 | D:1      | Reached XP level 3. HP: 19/31 MP: 2/2
  1545 | D:2      | Noticed a human
  1547 | D:2      | Found a runed translucent door.
  1557 | D:2      | Noticed Sigmund
  1594 | D:1      | Reached skill level 5 in Unarmed Combat
  1675 | D:2      | HP: 1/31 [something (11)]
  1976 | D:2      | Reached XP level 4. HP: 37/37 MP: 3/3
  2113 | D:2      | Found an opulent altar of Gozag.
  2113 | D:2      | Found a glowing silver altar of Zin.
  2152 | D:2      | Found a basalt altar of Yredelemnul.
  2256 | D:2      | Found a hide-covered altar of Uskayaw.
  2273 | D:2      | Became a worshipper of Uskayaw the Reveler
  2273 | D:2      | Reached * piety under Uskayaw
  2396 | D:3      | Reached ** piety under Uskayaw
  2632 | D:3      | Found a runed translucent door.
  2638 | D:3      | Noticed Curus's ghost (amateur HOFi)
  2742 | D:3      | Reached skill level 6 in Unarmed Combat
  2742 | D:3      | Reached XP level 5. HP: 38/45 MP: 4/4
  2742 | D:3      | Reached *** piety under Uskayaw
  2782 | D:3      | Quit the game

Illustrated notes

Levels and vault maps discovered:
D:1:      dpeg_arrival_stonehenge_8_columns, layout_basic,
          chequers_serial_rivers_small_3
D:2:      layout_rooms, grunt_temple_overflow_gold_and_silver,
          eat_drink_and_be_merry_uskayaw, dk_yredelemnul_ordeal, uniq_sigmund
D:3:      layout_basic, ebering_ghost_reflecting_pool, first_ration,
          grunt_decor_cap

Skill      XL: |  1  2  3  4 |
---------------+-------------+-----
Unarmed Combat | 4 5 6 |  6.3
Fighting       | |  3.2
Dodging        | |  2.6
Stealth        | |  2.1

Action                   |  1- 3 |  4- 6 || total
-------------------------+-------+-------++-------
Melee: Unarmed           |   118 |    92 ||   210
       Punch             |       |     2 ||     2
Throw: Dart              |    33 |    26 ||    59
       Stone             |     5 |       ||     5
       Javelin           |     1 |       ||     1
  Use: Potion            |     1 |     1 ||     2
 Stab: Sleeping          |     2 |       ||     2
       Paralysed         |       |     1 ||     1
  Eat: Chunk             |     6 |     3 ||     9
       Ration            |     1 |       ||     1
Armor: Robe              |     3 |       ||     3
       Ring mail         |    33 |    41 ||    74
Dodge: Dodged            |    68 |    56 ||   124
Block: Tower shield      |     4 |       ||     4
